 Dungeon Crawl Stone Soup version 0.30-b1-2-g02819fbbbe (webtiles) character file.

Game seed: 11593017186180518284

2018 LLlMATKO the Fighter (level 9, 0/81 HPs)
             Began as a Minotaur Berserker on Nov 18, 2023.
             Was an Elder of Trog.
             Shot with an arrow by a centaur (7 damage)
             ... on level 6 of the Dungeon.
             The game lasted 00:07:28 (4363 turns).

LLlMATKO the Fighter (Minotaur Berserker)           Turns: 4363, Time: 00:07:29

Health: 0/81       AC: 14    Str: 27    XL:     9   Next: 3%
Magic:  8/8        EV: 11    Int: 10    God:    Trog [****..]
Gold:   8          SH:  0    Dex:  9    Spells: 8/8 levels left

rFire   . . .        E - +0 war axe
rCold   . . .        (no shield)
rNeg    . . .        w - +0 chain mail
rPois   .            (helmet restricted)
rElec   .            h - scarf {shadows}
rCorr   .            v - +0 pair of gloves
SInv    .            n - +1 pair of boots
Will    .....        u - amulet of magic regeneration Stlth
                     p - +6 ring of intelligence
HPRegen 0.33/turn    (no ring)
MPRegen 0.51/turn

%: no passive effects
@: on berserk cooldown, slowed, very slow
A: horns 2, retaliatory headbutt
a: Renounce Religion, Berserk, Trog's Hand, Brothers in Arms


You were on level 6 of the Dungeon.
You worshipped Trog.
Trog was greatly pleased with you.
You visited 1 branch of the dungeon, and saw 6 of its levels.
You also visited: Sewer.

You collected 216 gold pieces.
You spent 208 gold pieces at shops.

Inventory:

Hand Weapons
 E - a +0 war axe (weapon)
Missiles
 i - 10 poisoned darts (quivered)
 x - a throwing net
Armour
 h - a scarf of shadows (worn)
 n - a +1 pair of boots (worn)
 v - a +0 pair of gloves (worn)
 w - a +0 chain mail (worn)
Jewellery
 p - a +6 ring of intelligence (left hand)
 u - an amulet of magic regeneration (around neck)
Wands
 b - a wand of roots (9)
 y - a wand of flame (7)
 D - a wand of light (10)
Scrolls
 e - 2 scrolls of poison
 f - 2 scrolls of butterflies
 j - a scroll of brand weapon
 l - 2 scrolls of identify
 A - a scroll of fear {unknown}
 C - 2 scrolls of teleportation
 F - 3 scrolls of enchant weapon {unknown}
Potions
 c - 2 potions of berserk rage {unknown}
 d - 2 potions of degeneration {unknown}
 g - 3 potions of heal wounds {unknown}
 k - 2 potions of resistance {unknown}
 m - 4 potions of curing
 o - a potion of attraction {unknown}
 q - a potion of might {unknown}
 r - 2 potions of flight {unknown}
 s - a potion of lignification {unknown}
 t - a potion of magic {unknown}
 z - 2 potions of experience {unknown}
 B - a potion of invisibility {unknown}


   Skills:
 + Level 8.0 Fighting
 + Level 7.9 Axes
 + Level 7.4 Armour
 + Level 6.7 Dodging


You had 8 spell levels left.
You didn't know any spells.
Your spell library was empty.

Dungeon Overview and Level Annotations

Branches:
Dungeon (6/15)             Temple (0/1) D:5           Sewer (visited)

Altars:
Hepliaklqana
Nemelex Xobeh
Xom
The Shining One

Shops:
D:5 ([((*

Annotations:
D:4 1 runed translucent door, Fartwhistle's ghost, amateur GnHu


Innate Abilities, Weirdness & Mutations

You have a pair of horns on your head.
You reflexively headbutt those who attack you in melee.


Message History

Trog accepts your kill.
You are engulfed in a cloud of scalding steam.
Your Fighting skill increases to level 8!
You have reached level 9!
Your experience leads to an increase in your attributes!
Your base attributes are Str 25, Int 4, Dex 9.
Increase (S)trength, (I)ntelligence, or (D)exterity?
You feel stronger. x2
A centaur comes into view.
You feel a strong urge to attack something.
The centaur wields a +0 shortbow.
The centaur shoots an arrow.
The arrow hits you. The iguana bites you.
You slash the iguana!
The iguana is heavily wounded.
The iguana barely misses you.
You slice the iguana!!
You kill the iguana!
Trog accepts your kill.
You are no longer berserk.
You are exhausted.
You feel yourself slow down.
The centaur shoots an arrow.
The arrow misses you.
The centaur shoots an arrow.
The arrow closely misses you.
The centaur shoots an arrow.
The arrow hits you.
You hit the sleepcap but do no damage.
The centaur shoots an arrow.
The arrow hits you!
* * * LOW HITPOINT WARNING * * *
The sleepcap releases spores at you.
* * * LOW HITPOINT WARNING * * *
The centaur shoots an arrow.
The arrow hits you but does no damage. The sleepcap releases spores at you.
* * * LOW HITPOINT WARNING * * *
You hit the sleepcap but do no damage.
You headbutt the sleepcap, but do no damage.
The centaur shoots an arrow.
The arrow hits you.
* * * LOW HITPOINT WARNING * * *
The sleepcap closely misses you.
A phantom comes into view.
The centaur shoots an arrow.
The arrow hits you!
You die...

#...).................
..##...#.#...[...........
......<#.#.#.........#..
..###..#.#.#........#W.
.......#+#'#....c.#..#
..................^.)#
...#........###......#
...#..............###...#
...............@f#...#.#..
.....##.......###...# #
..... .......#. ...#
.............#.. ###..
..... ... .... ## ...


You could see a phantom (wandering), a sleepcap and a centaur.

Vanquished Creatures
  Grinder (D:3)
  Eustachio (D:4)
  A steam dragon (D:6)
  Edmund (D:5)
  An orc warrior (D:5)
  An ogre (D:6)
  Blork the orc (D:4)
  A bullfrog (D:5)
  4 scorpions
  A crimson imp (D:3)
  4 hounds
  6 jellies
  2 sleepcaps (D:4)
  Ijyb (D:5)
  5 iguanas
  Terence (D:3)
  3 orc wizards
  8 gnolls (D:5)
  2 adders (D:2)
  6 worms
  2 dart slugs
  10 orcs
  10 ball pythons
  3 bats
  18 endoplasms
  5 giant cockroaches
  7 goblins
  13 hobgoblins
  3 jackals (D:3)
  4 quokkas
  4 frilled lizards
  3 goblin skeletons (D:3)
  A goblin zombie (D:3)
  A hobgoblin zombie (D:3)
  9 kobolds
  A kobold zombie (D:3)
  An orc skeleton (D:3)
  An orc zombie (D:3)
  9 rats
156 creatures vanquished.

Notes
Turn   | Place    | Note
-------+----------+-------------------------------------------
     0 | D:1      | LLlMATKO the Minotaur Berserker began the quest for the
                  | Orb.
     0 | D:1      | Reached XP level 1. HP: 19/19 MP: 0/0
    79 | D:1      | Reached XP level 2. HP: 27/27 MP: 1/1
   226 | D:1      | Reached skill level 4 in Fighting
   332 | D:1      | Reached XP level 3. HP: 25/33 MP: 2/2
   509 | D:1      | Reached ** piety under Trog
  1265 | D:3      | Reached XP level 4. HP: 39/41 MP: 3/3
  1290 | D:3      | Found a glowing golden altar of the Shining One.
  1335 | D:3      | Noticed Grinder
  1340 | D:3      | Paralysed by Grinder for 3 turns
  1348 | D:3      | Killed Grinder
  1349 | D:3      | Reached skill level 5 in Fighting
  1349 | D:3      | Reached skill level 5 in Axes
  1349 | D:3      | Reached XP level 5. HP: 14/48 MP: 4/4
  1349 | D:3      | Reached XP level 6. HP: 16/56 MP: 5/5
  1814 | D:3      | Noticed Terence
  1818 | D:3      | Killed Terence
  1852 | D:3      | Found a hazy altar of Hepliaklqana.
  1854 | D:3      | Found a shimmering altar of Xom.
  1856 | D:3      | Noticed a spectral ugly thing
  2342 | D:4      | Reached *** piety under Trog
  2435 | D:4      | Reached skill level 5 in Armour
  2492 | D:4      | Noticed Eustachio
  2523 | D:4      | Killed Eustachio
  2524 | D:4      | Reached XP level 7. HP: 29/62 MP: 6/6
  2540 | D:4      | Noticed Blork the orc
  2554 | D:4      | Killed Blork the orc
  2555 | D:4      | Reached skill level 6 in Fighting
  2557 | D:4      | Noticed Fartwhistle's ghost (amateur GnHu)
  2577 | D:4      | Reached skill level 5 in Dodging
  2687 | D:4      | Found a runed translucent door.
  2886 | D:4      | Found a glowing drain.
  2918 | Sewer    | Entered a sewer
  3175 | Sewer    | Found a viscous altar of Jiyva.
  3500 | D:5      | Entered Level 5 of the Dungeon
  3511 | D:5      | Reached XP level 8. HP: 71/71 MP: 7/7
  3590 | D:5      | Reached skill level 7 in Fighting
  3638 | D:5      | Noticed Edmund
  3655 | D:5      | Killed Edmund
  3790 | D:5      | Found Celisir's Assorted Antiques.
  3795 | D:5      | Found Jibrayxu's Armour Boutique.
  3797 | D:5      | Found Viuddef's Antique Weapon Boutique.
  3802 | D:5      | Reached **** piety under Trog
  3811 | D:5      | Found Rotiod's Weapon Boutique.
  3811 | D:5      | Found Jijy's Antique Weapon Boutique.
  3891 | D:5      | Noticed Ijyb
  3901 | D:5      | Killed Ijyb
  3995 | D:5      | Found a sparkling altar of Nemelex Xobeh.
  4188 | D:5      | Found a staircase to the Ecumenical Temple.
  4307 | D:5      | Bought a masterwork hand axe for 208 gold pieces
  4307 | D:5      | Identified the +4 hand axe "Getzouph" {freeze, Drain rElec
                  | SInv} (You bought it in a shop on level 5 of the Dungeon)
  4356 | D:6      | Reached skill level 8 in Fighting
  4356 | D:6      | Reached XP level 9. HP: 50/81 MP: 8/8
  4363 | D:6      | Shot with an arrow by a centaur

Illustrated notes

Levels and vault maps discovered:
D:1:      tarquinn_simple_flora_water_c, layout_basic
D:2:      layout_rooms
D:3:      layout_loops_cross, regret_index_temple_of_mockery,
          nicolae_tso_besieged_by_evil, st_stairs_8, minmay_cut_off,
          uniq_terence, uniq_grinder
D:4:      layout_cave_pools, cheibrodos_sewer_entry_bend,
          hellmonk_ghost_happy_afterlife, uniq_blork_the_orc, uniq_eustachio
D:5:      layout_rooms, nemelex_spade_bored_becter, temple_green, serial_shops,
          nicolae_shop_statue_plus, mrwooster_statue_mirror,
          minmay_shop_grid_forest, uniq_ijyb, uniq_edmund
D:6:      layout_basic, nicolae_overflow_hallway_of_the_gods, serial_shops,
          nicolae_shop_competitors_out_of_business, nicolae_titane

Skill      XL: |  1  2  3  4  5  6  7  8 |
---------------+-------------------------+-----
Fighting       | 4 5 6 8 |  8.0
Axes           | 4 5 6 7 |  7.9
Armour         | 3 4 5 6 7 |  7.4
Dodging        | 3 4 5 6 |  6.7

Action                     |  1- 3 |  4- 6 |  7- 9 || total
---------------------------+-------+-------+-------++-------
  Melee: Hand axe          |    78 |   108 |   179 ||   365
         Headbutt          |     8 |    21 |    36 ||    65
         Punch             |     2 |     1 |     1 ||     4
         War axe           |       |       |     8 ||     8
  Throw: Dart              |     3 |       |       ||     3
         Throwing net      |     1 |       |       ||     1
 Invoke: Berserk           |     1 |     4 |     3 ||     8
         Trog's Hand       |       |       |     2 ||     2
    Use: Scroll            |       |     8 |     2 ||    10
   Stab: Held in net/web   |     1 |       |       ||     1
 Armour: Animal skin       |     5 |       |       ||     5
         Scale mail        |    20 |    30 |       ||    50
         Chain mail        |       |    68 |    88 ||   156
  Dodge: Dodged            |    43 |    68 |   101 ||   212
